 Dungeon Crawl Stone Soup version 0.22-a0-587-g7d32d7c (webtiles) character file.

0 iamserjio the Skirmisher (level 1, 0/17 HPs)
             Began as an Octopode Wanderer on July 4, 2018.
             Slain by a jackal (1 damage)
             ... on level 1 of the Dungeon.
             The game lasted 00:00:52 (25 turns).

iamserjio the Skirmisher (Octopode Wanderer)          Turns: 25, Time: 00:00:52

Health: 0/17       AC:  1    Str: 10    XL:     1   Next: 10%
Magic:  2/2        EV: 12    Int: 15    God:
Gold:   0          SH:  0    Dex: 11    Spells: 2/2 levels left

rFire    . . .     SeeInvis .   (no weapon)
rCold    . . .     Gourm    .   (no shield)
rNeg     . . .     Faith    .   (helmet restricted)
rPois    .         Spirit   .   (no amulet)
rElec    .         Reflect  .   (no ring)
rCorr    .         Harm     .   (no ring)
MR       .....                  (no ring)
Stlth    ++........             (no ring)
HPRegen  0.05/turn              (no ring)
MPRegen  0.08/turn              (no ring)
                                (no ring)
                                (no ring)

@: no status effects
A: almost no armour, stealthy swim, amphibious, 8 rings, constrict 8, camouflage
1, gelatinous body 1
a: no special abilities


You were on level 1 of the Dungeon.
You were not hungry.

You visited 1 branch of the dungeon, and saw 1 of its levels.

Inventory:

Hand Weapons
 b - a +0 shortbow
Missiles
 c - 24 arrows
Wands
 d - a wand of random effects (15)
Comestibles
 f - a ration


   Skills:
 - Level 4.0 Fighting
   Level 1.0 Maces & Flails
 * Level 0.1 Dodging
 + Level 0.1 Stealth
 - Level 1.0 Spellcasting
   Level 2.0 Charms
 - Level 2.1 Evocations


You had 2 spell levels left.
You didn't know any spells.
Your spell library contained the following spells:

 Spells                   Type           Power        Failure   Level  Hunger
 Magic Dart               Conj           #...         24%         1    ##.....
 Conjure Flame            Conj/Fire      #.......     58%         3    ####...
 Slow                     Hex            #.......     36%         2    ###....
 Mephitic Cloud           Conj/Pois/Air  #.......     58%         3    ####...
 Blink                    Tloc           N/A          36%         2    ###....
 Call Imp                 Summ           #.......     36%         2    ###....


Dungeon Overview and Level Annotations

Branches:
Dungeon (1/15)

Altars:


Innate Abilities, Weirdness & Mutations

You cannot wear most types of armour.
You are very stealthy in the water. (Stealth+)
You are amphibious.
You can wear up to eight rings at the same time.
You can use your tentacles to constrict eight enemies at once.
Your skin changes colour to match your surroundings (Stealth+).
Your rubbery body absorbs attacks. (AC +1, EV +1)


Message History

You tentacle-slap the jackal but do no damage.
The jackal is heavily wounded.
You constrict the jackal.
The jackal bites you but does no damage.
The jackal misses you.
You barely miss the jackal.
The jackal is severely wounded.
You constrict the jackal. The jackal bites you.
* * * LOW HITPOINT WARNING * * *
You aren't carrying any scrolls.
Unknown command.
You tentacle-slap the jackal but do no damage.
The jackal is severely wounded.
You constrict the jackal, but do no damage.
The jackal bites you.
* * * LOW HITPOINT WARNING * * *
You tentacle-slap the jackal but do no damage.
The jackal is severely wounded.
You constrict the jackal. The jackal bites you.
You die...

#.. ..# #.#.#
#.#.#
####.#.#
#....#.#
#....#.#
#....#@#
#....#h###...
#....lh....#
#..l##.#####
#...##.#####
#<..#......##
#..w........#
###..........
#..........


You could see a leopard gecko and 2 jackals.

Vanquished Creatures
  A bat (D:1)
1 creature vanquished.

Notes
Turn   | Place    | Note
-------+----------+-------------------------------------------
     0 | D:1      | iamserjio the Octopode Wanderer began the quest for the Orb.
     0 | D:1      | iamserjio set off with: a +0 shortbow, 25 arrows, a wand of random effects (15), a ration
     0 | D:1      | Reached XP level 1. HP: 17/17 MP: 2/2
    25 | D:1      | Slain by a jackal

Vault maps used:
D:1:      dpeg_arrival_water_altar

Action                   || total
-------------------------++-------
Melee: Unarmed           ||    10
       Constrict         ||     2
       Tentacles         ||     1
 Fire: Shortbow          ||     1
Armor: Skin              ||     5
Dodge: Dodged            ||    10

Table legend:
 A = Spawn XP
 B = Non-spawn XP
 C = Spawn XP percentage of total XP
 D = Spawn monster count
 E = Non-spawn monster count
 F = Spawn count percentage of total count
 G = Total turns spent on level
                    A         B        C        D         E        F      G
               +---------+---------+-------+---------+---------+-------+---------
         Total |       0 |       1 |   0.0 |       0 |       1 |   0.0 |    25
               +---------+---------+-------+---------+---------+-------+---------
           D:1 |       0 |       1 |   0.0 |       0 |       1 |   0.0 |    25
               +---------+---------+-------+---------+---------+-------+---------
